 Dungeon Crawl Stone Soup version 0.28-a0-537-g3bccd9ccbf (webtiles) character file.

Game seed: 9765699155595346824

0 meatgazer the Skirmisher (level 1, 18/18 HPs)
             Began as a Demonspawn Abyssal Knight on Sept 27, 2021.
             Was an Initiate of Lugonu.
             Got out of the dungeon alive.
             The game lasted 00:00:45 (147 turns).

meatgazer the Skirmisher (Demonspawn Abyssal Knight) Turns: 147, Time: 00:00:46

Health: 18/18      AC:  3    Str: 13    XL:     1   Next: 0%
Magic:  1/2        EV: 11    Int: 11    God:    Lugonu [......]
Gold:   45         SH:  0    Dex: 13    Spells: 0/0 levels left

rFire   . . .      SeeInvis .   a - +1 falchion
rCold   . . .      Faith    .   (no shield)
rNeg    . . .      Spirit   .   b - +0 leather armour
rPois   .          Reflect  .   (no helmet)
rElec   .          Harm     .   (no cloak)
rCorr   .          Rampage  .   (no gloves)
Will    .....                   (no boots)
Stlth   +.........              (no amulet)
HPRegen 0.06/turn               (no ring)
MPRegen 0.08/turn               (no ring)

@: attractive
A: no striking features
a: Renounce Religion


You escaped.
You worshipped Lugonu.
Lugonu was noncommittal.
You visited 1 branch of the dungeon, and saw 1 of its levels.
You visited the Abyss 1 time.

You collected 45 gold pieces.

Inventory:

Hand Weapons
 a - a +1 falchion (weapon)
Armour
 b - a +0 leather armour (worn)
Scrolls
 c - a scroll of amnesia {unknown}
Potions
 d - 2 potions of attraction


   Skills:
 + Level 3.0 Fighting
 + Level 1.7 Long Blades
 + Level 1.7 Armour
 + Level 0.8 Dodging
 + Level 2.4 Invocations


You couldn't memorise any spells.
You didn't know any spells.
Your spell library was empty.

Dungeon Overview and Level Annotations

Branches:
Dungeon (1/15)

Altars:


Message History

You plunge deeper into the Abyss.
Found a scroll labelled NOASOO GIQA.
c - a scroll labelled NOASOO GIQA
Found a gateway leading deeper into the Abyss.
A small abomination comes into view.
The small abomination hits you but does no damage.
There is a gateway leading deeper into the Abyss here.
The small abomination closely misses you.
You plunge deeper into the Abyss.
The abyssal rune of Zot can be found at this depth.
Found 19 arrows, a book of the Earth and 3 glowing emerald potions.
A sixfirhy materialises.
A sixfirhy is nearby!
d - 3 glowing emerald potions
There are no items here.
You are suddenly pulled into a different region of the Abyss!
You now have 45 gold pieces.
A tentacled starspawn appears in a shower of translocational energy.
Tentacles burst from the starspawn's body! 2 starspawn tentacles come into view.
Found a leather armour.
A large abomination comes into view.
Found an iron altar of Okawaru.
A tentacle flies out from the starspawn's body!
A starspawn tentacle comes into view.
A tentacle flies out from the starspawn's body!
A starspawn tentacle comes into view.
There is an iron altar of Okawaru here.
An ancient zyme comes into view.
A large abomination comes into view.
You feel yourself growing ill in the presence of the ancient zyme.
A hellion comes into view.
You pass through the gate.
You can no longer depart the Abyss at will.
Found a whip.
There is a staircase leading out of the dungeon here.
It was a potion of attraction.
You feel attractive to monsters.
You can't go down here!
Are you sure you want to leave the Dungeon?
This will make you lose the game!
You have escaped!
P.P.PP.P.PP.P.P P.P.P.PPP.P.P.P P.P.PP.P.PP.P.P P.PP.PP.PP.PP.P PP.PP.PPP.PP.PP PP.PPP...PPP.PP PPP..PPPPP..PPP PPPPP..@..PPPPP PPPPPPPPPPPPPPP

#.##..####..###
.... ...) #....
### ..... ....
....


There were no monsters in sight!

Vanquished Creatures (others)
  5 starspawn tentacles (Abyss:3)
5 creatures vanquished.

Notes
Turn   | Place    | Note
-------+----------+-------------------------------------------
     0 | Abyss:1  | meatgazer the Demonspawn Abyssal Knight began the quest for
                  | the Orb.
     0 | Abyss:1  | Reached XP level 1. HP: 18/18 MP: 2/2
    13 | Abyss:2  | Noticed a small abomination
    26 | Abyss:3  | Noticed a sixfirhy
    91 | Abyss:3  | Noticed a tentacled starspawn
   120 | Abyss:3  | Noticed a large abomination
   123 | Abyss:3  | Found an iron altar of Okawaru.
   140 | Abyss:3  | Noticed an ancient zyme
   140 | Abyss:3  | Noticed a large abomination
   142 | Abyss:3  | Noticed a hellion
   144 | D:1      | Escaped the Abyss
   147 | D:$      | Got out of the dungeon alive.

Illustrated notes

Levels and vault maps discovered:
D:1:      roderic_crop_circles_arrival_small, layout_rooms, serial_shops,
          shop_statue, shapermc_ecumenical_altar_gd

Action                   || total
-------------------------++-------
Invok: Depart the Abyss  ||     1
  Use: Potion            ||     1
Armor: Leather armour    ||     1
Dodge: Dodged            ||     1

Table legend: (Time is in decaauts)
 A = Elapsed time spent in this place.
 B = Non-inter-level travel time spent in this place.
 C = Inter-level travel time spent in this place.
 D = Time resting spent in this place.
 E = Time spent auto-exploring this place.
 F = Levels seen in this place.
 G = Mean time per level.
                   A        B        C        D        E       F      G
               +--------+--------+--------+--------+--------+-----+--------+
         Total |    146 |    146 |      0 |      0 |     64 |   4 |   36.5 |
       Dungeon |      2 |      2 |      0 |      0 |      0 |   1 |    2.0 |
         Abyss |    143 |    143 |      0 |      0 |     64 |   3 |   47.7 |
               +--------+--------+--------+--------+--------+-----+--------+

Top non-repeatable levels by time:
 Abyss:3: 124 daAuts
 Abyss:2: 16 daAuts
     D:1: 2 daAuts
 Abyss:1: 2 daAuts
